Map: World of Sleepers LE

Players

Silky - Winner!

  • Race: Zerg Zerg
  • Spawn Location: 7:00

ShaDoWn

  • Race: Protoss Protoss
  • Spawn Location: 1:00

VOD

Have the link to the VOD?

Description

Time

  • Played on: Sept. 6, 2019, 3:54 p.m.
  • Length: 7:16
Show
View Real Time Build Order
Export as new Build Order

Silky Zerg - Winner!

Build Orders: Hatch First 

Get SALT Encoding   

  12  0:00  Drone  
  13  0:12  Overlord  
  13  0:17  Drone  
  14  0:31  Drone x2  
  16  0:47  Hatchery  
  15  0:51  Drone  
  15  0:55  Drone  
  17  0:58  Drone  
  18  1:09  Extractor  
  17  1:13  Spawning Pool  
  17  1:16  Drone  
  17  1:19  Drone  
  18  1:29  Drone  
  19  1:45  Drone  
  20  1:51  Overlord  
  20  2:00  Queen x2  
  20  2:01  Zergling x4  
  26  2:11  Drone x2  
  26  2:14  Metabolic Boost  
  28  2:21  Drone  
  28  2:22  Drone  
  30  2:35  Hatchery  
  29  2:40  Drone x2  
  31  2:47  Overlord  
  31  2:52  Queen  
  33  2:59  Drone x2  
  33  3:01  Drone  
  36  3:06  Drone x2  
  36  3:10  Drone  
  39  3:13  Drone x3  
  39  3:17  Overlord  
  41  3:23  Drone  
  41  3:26  Spore Crawler  
  41  3:27  Queen  
  41  3:33  Overlord  
  43  3:36  Zergling x6  
  43  3:40  Drone x2  
  48  3:47  Spore Crawler, Overlord  
  47  3:55  Queen  
  47  3:57  Drone  
  47  3:58  Drone x2  
  47  3:59  Drone  
  47  4:01  Drone  
  54  4:04  Drone x3  
  54  4:08  Drone  
  58  4:12  Roach Warren  
  58  4:15  Drone x2  
  59  4:19  Drone  
  59  4:20  Extractor  
  59  4:22  Overlord  
  59  4:30  Spore Crawler  
  59  4:36  Lair  
  59  4:37  Drone x3  
  62  4:39  Drone  
  62  4:40  Extractor, Drone x5  
  67  4:50  Zergling x4  
  69  4:54  Overlord  
  69  4:55  Roach x2  
  69  4:58  Overlord  
  73  5:06  Extractor  
  72  5:08  Overlord x2  
  71  5:14  Roach x2  
  71  5:15  Roach x3  
  71  5:19  Drone x3  
  88  5:28  Roach x4  
  88  5:29  Roach  
  88  5:35  Overseer  
  92  5:37  Glial Reconstitution  
  92  5:39  Overlord  
  92  5:47  Queen  
  92  5:48  Nydus Network  
  92  5:51  Overlord  
  92  5:56  Overlord x2  
  88  5:59  Roach x4  
  88  6:00  Overlord x2  
  96  6:07  Roach x2  
  100  6:15  Roach x3  
  106  6:22  Overlord  
  106  6:27  Roach  
  106  6:28  Roach x3  
  106  6:29  Overlord x2  
  114  6:38  Nydus Canal  
  114  6:40  Zergling x4, Roach  
  114  6:41  Zergling x6, Roach x2  
  125  6:51  Roach x2  
  125  6:52  Nydus Canal  
  133  7:07  Nydus Canal  
Show
View Real Time Build Order
Export as new Build Order

ShaDoWn Protoss 

Build Orders: 1 Gate Expand, Oracle Opening, Zealot Archon, Archon Drop 

Get SALT Encoding   

  12  0:01  Probe  
  13  0:13  Probe  
  14  0:23  Pylon  
  14  0:25  Probe  
  15  0:37  Probe  
  15  0:42  Gateway  
  16  0:45  Probe  
  16  0:49  Assimilator  
  17  0:56  Probe  
  18  1:09  Probe  
  19  1:21  Probe  
  20  1:27  Nexus  
  20  1:34  Cybernetics Core  
  20  1:38  Probe  
  21  1:42  Assimilator  
  21  1:50  Probe  
  22  1:54  Pylon  
  22  2:02  Probe  
  22  2:03  Adept  
  23  2:14  Probe  
  26  2:18  Stargate  
  26  2:24  Probe  
  27  2:32  Probe  
  27  2:33  Stalker  
  27  2:34  Probe  
  30  2:37  Warp Gate  
  30  2:41  Probe  
  30  2:42  Probe  
  33  2:53  Probe x2  
  33  2:55  Oracle  
  35  3:05  Probe  
  39  3:06  Probe  
  39  3:08  Pylon  
  40  3:16  Assimilator  
  40  3:17  Probe  
  40  3:18  Assimilator  
  40  3:19  Probe  
  42  3:28  Robotics Facility  
  42  3:29  Probe  
  42  3:31  Probe  
  42  3:34  Gateway  
  44  3:40  Pylon, Probe  
  44  3:41  Probe  
  44  3:48  Probe  
  46  3:52  Twilight Council  
  46  3:53  Probe  
  48  3:57  Probe  
  49  4:04  Gateway  
  49  4:05  Probe  
  49  4:08  Warp Prism  
  49  4:09  Gateway  
  50  4:11  Probe  
  51  4:23  Probe  
  54  4:33  Adept  
  54  4:34  Templar Archives  
  56  4:46  Probe x2  
  58  4:58  Probe  
  58  5:01  Pylon  
  59  5:07  Observer  
  59  5:08  Pylon  
  59  5:10  Probe  
  60  5:16  Nexus  
  60  5:17  Pylon  
  58  5:23  High Templar x4  
  58  5:24  Probe  
  58  5:25  Forge  
  65  5:28  Archon x2  
  65  5:30  Immortal  
  65  5:32  Probe  
  65  5:34  Charge  
  70  5:37  Probe  
  71  5:44  Probe  
  71  5:47  Pylon  
  71  5:49  Probe  
  72  5:56  Probe  
  73  5:58  Adept x2  
  73  6:00  Sentry x2  
  73  6:01  Probe  
  73  6:02  Pylon  
  82  6:07  Immortal  
  82  6:08  Probe  
  83  6:13  Probe  
  82  6:18  Pylon  
  82  6:20  Probe  
  82  6:23  Assimilator  
  82  6:25  Probe, Assimilator  
  83  6:28  Gateway  
  83  6:30  Gateway  
  84  6:34  Shield Battery  
  84  6:35  Shield Battery  
  84  6:40  Zealot  
  84  6:44  Stalker  
  84  6:46  Zealot  
  94  6:50  Sentry  
  94  6:52  Shield Battery  
  96  6:55  Shield Battery  
  92  7:04  Sentry  
  89  7:11  Shield Battery, Zealot  
Tags
 
Add a new tag
Caveats
  • Supply blocks, unpowered buildings, or Contaminate may cause inaccurate times.
  • Supply counts are checked every 10 seconds.